 Dungeon Crawl Stone Soup version 0.28-a0-474-g535839065c (webtiles) character file.

Game seed: 5321199586463461112

149 Spaninq the Poker (level 5, -1/42 HPs)
             Began as a Human Cinder Acolyte on Sept 15, 2021.
             Was a High Priest of Ignis.
             Slain by Natasha (8 damage)
             ... on level 3 of the Dungeon.
             The game lasted 00:06:06 (2729 turns).

Spaninq the Poker (Human Cinder Acolyte)            Turns: 2729, Time: 00:06:07

Health: -1/42      AC:  5    Str: 16    XL:     5   Next: 56%
Magic:  2/8        EV: 10    Int: 14    God:    Ignis [*****.]
Gold:   70         SH:  0    Dex:  8    Spells: 6/8 levels left

rFire   + . .      SeeInvis .   a - -1 spear (flame)
rCold   . . .      Faith    .   (no shield)
rNeg    . . .      Spirit   .   e - +0 ring mail
rPois   .          Reflect  .   (no helmet)
rElec   .          Harm     .   (no cloak)
rCorr   .          Rampage  .   (no gloves)
Will    .....                   (no boots)
Stlth   ..........              (no amulet)
HPRegen 0.14/turn               g - ring of wizardry
MPRegen 0.11/turn               (no ring)

@: mighty, slowed, very slow
A: no striking features
a: Renounce Religion, Sea of Fire, Foxfire Swarm, Rising Flame


You were on level 3 of the Dungeon.
You worshipped Ignis.
Ignis was extremely pleased with you.
You visited 1 branch of the dungeon, and saw 3 of its levels.

You collected 70 gold pieces.

Inventory:

Hand Weapons
 a - a -1 spear of flaming (weapon)
Missiles
 d - 34 stones (quivered)
Armour
 b - a +0 robe
 e - a +0 ring mail (worn)
Jewellery
 g - a ring of wizardry (left hand)
Scrolls
 c - a scroll of noise {unknown}
 i - a scroll of immolation {unknown}
 j - a scroll of identify {unknown}
Potions
 h - a potion of heal wounds {unknown}


   Skills:
 + Level 3.7 Fighting
 * Level 4.3 Polearms
 + Level 2.1 Spellcasting
 + Level 3.7 Fire Magic


You had 6 spell levels left.
You knew the following spells:

 Your Spells              Type           Power      Damage    Failure   Level
a - Scorch                Fire           22%        2d6       6%          2

Your spell library contained the following spells:

 Spells                   Type           Power      Damage    Failure   Level
 Ignite Poison            Fire/Tmut/Pois 4%         N/A       32%         3
 Mephitic Cloud           Conj/Pois/Air  1%         N/A       45%         3
 Freezing Cloud           Conj/Ice/Air   0%         6-21      99%         5


Dungeon Overview and Level Annotations

Branches:
Dungeon (3/15)

Altars:

Annotations:
D:3 Natasha


Message History

Natasha is moderately wounded.
Natasha's fire resistance burns away.
Natasha casts a spell.
Reach: a) -1 spear (flame)
Press: ? - help, Dir - move target, f - Natasha
Aim: Natasha, carrying a wand of flame (6) (moderately wounded, more vulnerable to fire, about 49% to evade your -1 spear of flaming)
You reach to attack!
You barely miss Natasha.
Natasha is moderately wounded.
Natasha casts a spell at you.
You feel yourself slow down.
Natasha is no longer more vulnerable to fire.
Natasha zaps a wand.
The puff of flame hits you. You resist. The shadow imp gestures at you.
Pain shoots through your body!
Natasha zaps a wand.
The puff of flame misses you. The shadow imp gestures at you.
You barely resist.
Natasha stares at you and mumbles some strange words.
You feel as though you will be slow longer.
The shadow imp gestures at you. Pain shoots through your body!
Natasha wildly gestures.
You feel troubled.
You miss Natasha.
Natasha is moderately wounded.
Natasha mumbles some strange words.
The shadow imp hits you.
It was a potion of might.
You feel very mighty all of a sudden. Natasha claws you!
The shadow imp gestures at you.
You barely resist. Natasha closely misses you.
You barely miss Natasha.
Natasha is moderately wounded.
The shadow imp hits you. Natasha claws you!
* * * LOW HITPOINT WARNING * * *
You hit Natasha. You burn Natasha.
Natasha is heavily wounded.
Natasha claws you!
You die...

#.####........# #.#
#......)...# #.#
#..........# #.#
#....####..# #.#
####..# #..# #.#
##.###..# #.#
#†.##5.# #.#
##.##5h# #.# #).#@.#
#.# ##h#..# #.#
#....######.# #.#
####..........# #.#
..........########.#
######..#.##.......#
#..#.##.#######
#..#.##.# ##>#.##.#


You could see Natasha, a crimson imp (summoned) and a shadow imp (summoned).

Vanquished Creatures
  A water moccasin skeleton (D:2)
  Natasha (twice) (D:3)
  2 worms
  2 dart slugs
  An orc (D:3)
  4 bats
  3 endoplasms
  3 giant cockroaches
  6 hobgoblins
  2 jackals
  2 quokkas (D:2)
  3 ball pythons
  2 frilled lizards
  4 goblins (D:1)
  2 kobolds
  4 rats
43 creatures vanquished.

Notes
Turn   | Place    | Note
-------+----------+-------------------------------------------
     0 | D:1      | Spaninq the Human Cinder Acolyte began the quest for the
                  | Orb.
     0 | D:1      | Reached XP level 1. HP: 18/18 MP: 2/2
    45 | D:1      | Found a faded altar of an unknown god.
   244 | D:1      | Reached XP level 2. HP: 22/24 MP: 3/3
   247 | D:1      | Learned a level 2 spell: Scorch
  1050 | D:2      | Reached XP level 3. HP: 29/29 MP: 1/5
  1581 | D:2      | Reached XP level 4. HP: 35/35 MP: 3/6
  1784 | D:2      | Reached skill level 4 in Polearms
  2593 | D:3      | Reached XP level 5. HP: 39/41 MP: 2/7
  2662 | D:3      | Noticed Natasha
  2686 | D:3      | Killed Natasha
  2691 | D:3      | Noticed Natasha
  2697 | D:3      | Killed Natasha
  2704 | D:3      | Noticed Natasha
  2729 | D:3      | Slain by Natasha

Illustrated notes

Levels and vault maps discovered:
D:1:      psy_arrival_fountain, layout_loops_corners,
          shapermc_ecumenical_altar_venn, columned_hall_lemuel
D:2:      layout_loops_ring
D:3:      layout_basic, uniq_natasha, uniq_crazy_yiuf_cottage

Skill      XL: |  1  2  3  4  5 |
---------------+----------------+-----
Polearms       | 4 |  4.3
Spellcasting   | 2 |  2.1
Fighting       | |  3.7
Fire Magic     | |  3.7

Action                   |  1- 3 |  4- 6 || total
-------------------------+-------+-------++-------
Melee: Spear             |    60 |    23 ||    83
 Cast: Scorch            |    20 |    23 ||    43
  Use: Potion            |       |     1 ||     1
Armor: Robe              |     4 |       ||     4
       Ring mail         |     9 |     4 ||    13
Dodge: Dodged            |    36 |    13 ||    49

Table legend: (Time is in decaauts)
 A = Elapsed time spent in this place.
 B = Non-inter-level travel time spent in this place.
 C = Inter-level travel time spent in this place.
 D = Time resting spent in this place.
 E = Time spent auto-exploring this place.
 F = Levels seen in this place.
 G = Mean time per level.
                   A        B        C        D        E       F      G
               +--------+--------+--------+--------+--------+-----+--------+
         Total |   2733 |   2688 |     45 |    499 |   1752 |   3 |  911.0 |
       Dungeon |   2733 |   2688 |     45 |    499 |   1752 |   3 |  911.0 |
               +--------+--------+--------+--------+--------+-----+--------+

Top non-repeatable levels by time:
     D:1: 1305 daAuts
     D:2: 1072 daAuts
     D:3: 355 daAuts
